 Dungeon Crawl Stone Soup version 0.30.0-5-g1a98f26d00 (webtiles) character file.

Game seed: 2291829522485867087

1900 Irreverend the Ruffian (level 8, -10/83 HPs)
             Began as a Troll Fighter on May 13, 2023.
             Was a Follower of Wu Jian.
             Mangled by an orc warrior
             ... wielding a +2 dire flail of protection
              (20 damage)
             ... on level 7 of the Dungeon.
             The game lasted 00:06:48 (4550 turns).

Irreverend the Ruffian (Troll Fighter)              Turns: 4550, Time: 00:06:49

Health: -10/83     AC:  4    Str: 25    XL:     8   Next: 93%
Magic:  7/7        EV:  9    Int:  6    God:    Wu Jian [*.....]
Gold:   319        SH:  9    Dex:  9    Spells: 7/7 levels left

rFire   . .          .
                       - Unarmed
rCold   . . .        b - +0 kite shield
rNeg    . . .        a - +0 robe
rPois   .            (helmet restricted)
rElec   .            (no cloak)
rCorr   .            (gloves unavailable)
SInv    .            (boots unavailable)
Will    .....        B - amulet of regeneration
Stlth   +            (no ring)
HPRegen 1.93/turn    (no ring)
MPRegen 0.10/turn

%: no passive effects
@: mighty, lethally poisoned (-10 -> -10)
A: large, unfitting armour, claws 3, regeneration 1, shaggy fur 1, tough skin 1
a: Renounce Religion


You were on level 7 of the Dungeon.
You worshipped Wu Jian.
Wu Jian was aware of your devotion.
You visited 1 branch of the dungeon, and saw 7 of its levels.

You collected 319 gold pieces.

Inventory:

Armour
 a - a +0 robe (worn)
 b - a +0 kite shield (worn)
 s - a +0 pair of boots
Jewellery
 u - an amulet of regeneration
 B - an amulet of regeneration (around neck)
Wands
 A - a wand of flame (17)
Scrolls
 d - a scroll of teleportation {unknown}
 f - a scroll of butterflies {unknown}
 h - a scroll of amnesia {unknown}
 j - 2 scrolls of enchant armour {unknown}
 k - 6 scrolls of identify {unknown}
 n - 3 scrolls of enchant weapon {unknown}
 o - a scroll of vulnerability {unknown}
 q - a scroll of brand weapon {unknown}
 r - a scroll of magic mapping {unknown}
 t - a scroll of fog {unknown}
 x - a scroll of torment {unknown}
 y - a scroll of blinking {unknown}
Potions
 e - 2 potions of flight {unknown}
 g - a potion of degeneration {unknown}
 i - a potion of cancellation {unknown}
 l - 3 potions of invisibility {unknown}
 m - 2 potions of curing {unknown}
 p - 2 potions of mutation {unknown}
 v - a potion of berserk rage {unknown}
 w - a potion of resistance {unknown}
 z - a potion of heal wounds {unknown}
 C - a potion of attraction {unknown}


   Skills:
 + Level 6.1 Fighting
 - Level 2.4 Dodging
 + Level 6.7 Shields
 + Level 6.9 Unarmed Combat


You had 7 spell levels left.
You didn't know any spells.
Your spell library was empty.

Dungeon Overview and Level Annotations

Branches:
Dungeon (7/15)             Temple (0/1) D:7

Altars:
Cheibriados
Gozag
Hepliaklqana
Okawaru
Trog
Vehumet
Wu Jian

Shops:
D:2 [

Annotations:
D:4 4 runed translucent doors, Crazy Yiuf; edwardauron's ghost, amateur SpHu


Innate Abilities, Weirdness & Mutations

You are too large for most types of armour.
You have claws for hands.
Your natural rate of healing is unusually fast.
You are covered in fur. (AC +1)
You have tough skin. (AC +1)


Message History

You feel sick. You block the orc warrior's attack.
You spin and attack the orc warrior.
You scratch the orc warrior.
The orc warrior is lightly wounded.
You feel sick. The orc warrior closely misses you.
You spin and attack the orc warrior.
You claw the orc warrior!
The orc warrior is severely wounded.
You feel sick.
A kobold brigand comes into view.
It is wielding a +0 club and quivering poisoned darts.
The orc warrior hits you with a +2 dire flail of protection!!
Things that are here:
a +0 shortbow; a centaur corpse You spin and attack the orc warrior.
You claw the orc warrior!
The orc warrior is almost dead.
You feel sick.
The orc warrior hits you with a +2 dire flail of protection!
* * * LOW HITPOINT WARNING * * *
You feel very mighty all of a sudden.
You feel sick. The kobold hits you but does no damage.
You are more poisoned.
A kobold comes into view. It is wielding a +0 short sword.
The orc warrior closely misses you.
You spin and attack the orc warrior.
You barely miss the orc warrior.
The orc warrior is almost dead.
You feel sick. You block the orc warrior's attack.
You closely miss the orc warrior.
The orc warrior is almost dead.
You feel sick.
The kobold brigand shouts!
The kobold hits you with a +0 dagger of venom.
* * * LOW HITPOINT WARNING * * *
You are more poisoned.
The orc warrior hits you with a +2 dire flail of protection!
* * * LOW HITPOINT WARNING * * *
You closely miss the orc warrior.
The orc warrior is almost dead.
You feel very sick.
The kobold hits you with a +0 dagger of venom.
* * * LOW HITPOINT WARNING * * *
The orc warrior hits you with a +2 dire flail of protection!!
You die...

..........'.....
..........#
..........#
.###.##)K##
##K##..#######.
#..............
#....))..=.....
#.....oK.......
#.....@........
#..###'########
#.. #.#######
#.. #.......#
#.. #.......#
#.. #.......#
#.####..#
##+####..###.##
#..............


You could see an orc warrior, a kobold brigand and 2 kobolds.

Vanquished Creatures
  Prince Ribbit (D:6)
  A black bear (D:6)
  2 ice beasts
  A sky beast (D:7)
  An ogre (D:6)
  2 centaurs
  Blork the orc (D:6)
  2 bullfrogs (D:6)
  4 scorpions
  3 orc priests (D:7)
  6 hounds
  4 iguanas
  Natasha (thrice) (D:2)
  An orc wizard (D:5)
  Terence (D:2)
  A gnoll (D:5)
  6 adders
  A white imp (D:6)
  An ufetubus (D:5)
  A worm (D:2)
  A dart slug (D:2)
  11 orcs
  5 ball pythons
  5 endoplasms
  3 giant cockroaches
  8 goblins
  9 hobgoblins
  2 jackals (D:4)
  4 quokkas
  7 bats
  A frilled lizard (D:1)
  12 kobolds
  4 rats
115 creatures vanquished.

Notes
Turn   | Place    | Note
-------+----------+-------------------------------------------
     0 | D:1      | Irreverend the Troll Fighter began the quest for the Orb.
     0 | D:1      | Reached XP level 1. HP: 22/22 MP: 0/0
   423 | D:1      | Reached XP level 2. HP: 29/29 MP: 1/1
  1102 | D:2      | Found a hazy altar of Hepliaklqana.
  1238 | D:2      | Found Pifydghof's Armour Shoppe.
  1248 | D:2      | Reached XP level 3. HP: 26/36 MP: 2/2
  1283 | D:2      | Noticed Terence
  1289 | D:2      | Killed Terence
  1328 | D:2      | Noticed Natasha
  1339 | D:2      | Killed Natasha
  1340 | D:2      | Reached XP level 4. HP: 26/45 MP: 3/3
  1367 | D:2      | Noticed Natasha
  1373 | D:2      | Killed Natasha
  1454 | D:2      | Noticed Natasha
  1463 | D:2      | Killed Natasha
  1555 | D:3      | Reached XP level 5. HP: 53/53 MP: 4/4
  2207 | D:3      | Found an ornate altar of the Wu Jian Council.
  2214 | D:3      | Found a snail-covered altar of Cheibriados.
  2216 | D:3      | Became a worshipper of the Wu Jian Council
  2221 | D:3      | Found a radiant altar of Vehumet.
  2221 | D:3      | Found a bloodstained altar of Trog.
  2228 | D:3      | Found an opulent altar of Gozag.
  2487 | D:4      | Found a runed translucent door.
  2488 | D:4      | Noticed Crazy Yiuf
  2533 | D:4      | Noticed edwardauron's ghost (amateur SpHu)
  2559 | D:4      | Found a runed translucent gate.
  2559 | D:4      | Found a runed translucent gate.
  2559 | D:4      | Found a runed translucent gate.
  2888 | D:4      | Reached XP level 6. HP: 62/62 MP: 5/5
  3167 | D:5      | Entered Level 5 of the Dungeon
  3291 | D:5      | Reached XP level 7. HP: 70/70 MP: 6/6
  3555 | D:5      | Reached skill level 5 in Shields
  3555 | D:5      | Reached skill level 5 in Unarmed Combat
  3623 | D:5      | Reached * piety under Wu Jian
  3768 | D:5      | Found an iron altar of Okawaru.
  3880 | D:6      | Noticed Blork the orc
  3891 | D:6      | Reached skill level 5 in Fighting
  3901 | D:6      | Killed Blork the orc
  3902 | D:6      | Reached XP level 8. HP: 45/80 MP: 7/7
  4256 | D:6      | Noticed Prince Ribbit
  4267 | D:6      | Killed Prince Ribbit
  4405 | D:7      | Found a staircase to the Ecumenical Temple.
  4550 | D:7      | Mangled by an orc warrior

Illustrated notes

Levels and vault maps discovered:
D:1:      dpeg_arrival_another_circle, layout_basic
D:2:      layout_rooms, basic_altar, serial_shops, nicolae_shop_tiny_waterfront,
          uniq_natasha, uniq_terence
D:3:      layout_loops_corners, nicolae_overflow_hallway_of_the_gods,
          st_stairs_12
D:4:      layout_basic, gammafunk_ghost_icy, columned_hall_lemuel,
          uniq_crazy_yiuf_cottage
D:5:      layout_loops_cross, okawaru_altar_gauntlet_db
D:6:      layout_basic, uniq_blork_the_orc, uniq_prince_ribbit1
D:7:      layout_gridville, minmay_temple_entry_arrows

Skill      XL: |  1  2  3  4  5  6  7  8 |
---------------+-------------------------+-----
Shields        | 3 4 5 6 |  6.7
Fighting       | 3 4 5 6 |  6.1
Unarmed Combat | 3 4 5 6 |  6.9
Dodging        | |  2.4

Action                     |  1- 3 |  4- 6 |  7- 9 || total
---------------------------+-------+-------+-------++-------
  Melee: Unarmed           |   105 |   136 |   161 ||   402
Ability: Lunge             |       |     4 |    15 ||    19
         Whirlwind         |       |       |    24 ||    24
    Use: Potion            |       |       |     1 ||     1
   Stab: Sleeping          |       |     1 |       ||     1
 Armour: Robe              |    24 |    33 |    32 ||    89
  Dodge: Dodged            |    33 |    33 |    57 ||   123
  Block: Kite shield       |    37 |    43 |    57 ||   137
